 Dungeon Crawl Stone Soup version 0.30-b1-2-g02819fbbbe (webtiles) character file.

Game seed: 15895790010881876306

428 MisterFreud the Fighter (level 6, -1/55 (57) HPs)
             Began as a Gnoll Wanderer on Sept 4, 2023.
             Was a Priest of Cheibriados.
             Slain by an adder (4 damage)
             ... on level 5 of the Dungeon.
             The game lasted 00:07:21 (4160 turns).

MisterFreud the Fighter (Gnoll Wanderer)            Turns: 4160, Time: 00:07:21

HP:   -1/55 (57)    AC: -9    Str: 20    XL:     6   Next: 98%
MP:   9/9           EV: 12    Int: 19    God:    Cheibriados [***...]
Gold: 247           SH:  0    Dex: 21    Spells: 9/9 levels left

rFire   . . .        q - +0 hand axe (elec)
rCold   . . .        (no shield)
rNeg    . . .        u - +0 ring mail of Dauboamed {Will+}
rPois   .            (no helmet)
rElec   .            (no cloak)
rCorr   .            (no gloves)
SInv    .            (no boots)
Will    +....        (no amulet)
Stlth   ++           (no ring)
HPRegen 0.29/turn    (no ring)
MPRegen 0.11/turn

%: no passive effects
@: lethally poisoned (-1 -> -5), corroded, lightly drained, very slow
A: fangs 1, strong nose, distributed training
a: Renounce Religion, Bend Time, Temporal Distortion


You were on level 5 of the Dungeon.
You worshipped Cheibriados.
Cheibriados was most pleased with you.
You visited 1 branch of the dungeon, and saw 5 of its levels.

You collected 247 gold pieces.

Inventory:

Hand Weapons
 a - a +1 club
 q - a +0 hand axe of electrocution (weapon)
Armour
 e - a +0 leather armour
 u - the +0 ring mail of Dauboamed (worn) {Will+}
   (You found it on level 3 of the Dungeon)

   Will:      It increases your willpower.
Jewellery
 s - a ring of magical power
Wands
 h - a wand of roots (6)
Scrolls
 b - a scroll of fear
 d - 4 scrolls of blinking
 m - a scroll of amnesia
 n - a scroll of teleportation
 p - a scroll of enchant weapon
 t - 2 scrolls of noise
 v - a scroll of identify {unknown}
Potions
 c - 4 potions of curing
 f - a potion of degeneration {unknown}
 g - 2 potions of attraction {unknown}
 i - 2 potions of haste {unknown}
 j - a potion of resistance {unknown}
 k - a potion of might {unknown}
 l - 3 potions of brilliance {unknown}
 o - 2 potions of flight {unknown}
 r - a potion of magic {unknown}


   Skills:
 + Level 8.8 Fighting
 + Level 2.2 Short Blades
 + Level 2.2 Long Blades
 + Level 2.2 Axes
 + Level 2.2 Maces & Flails
 + Level 2.2 Polearms
 + Level 2.2 Staves
 + Level 2.2 Ranged Weapons
 + Level 3.4 Throwing
 + Level 5.1 Armour
 + Level 2.2 Dodging
 + Level 2.2 Stealth
 + Level 2.2 Shields
 + Level 5.1 Unarmed Combat
 + Level 2.2 Spellcasting
 + Level 1.8 Conjurations
 + Level 1.8 Hexes
 + Level 1.8 Summonings
 + Level 1.8 Necromancy
 + Level 1.8 Translocations
 + Level 1.8 Transmutations
 + Level 1.8 Fire Magic
 + Level 1.8 Ice Magic
 + Level 1.8 Air Magic
 + Level 1.8 Earth Magic
 + Level 1.8 Poison Magic
 + Level 3.6 Invocations
 + Level 2.2 Evocations


You had 9 spell levels left.
You didn't know any spells.
Your spell library contained the following spells:

 Spells                   Type           Power      Damage    Failure   Level
 Slow                     Hex            36%        N/A       12%         1
 Poisonous Vapours        Pois/Air       18%        N/A       19%         2
 Confusing Touch          Hex            9%         N/A       36%         3
 Mephitic Cloud           Conj/Pois/Air  9%         N/A       36%         3
 Vampiric Draining        Necr           9%         2d6       36%         3
 Freezing Cloud           Conj/Ice/Air   4%         6-21      98%         5


Dungeon Overview and Level Annotations

Branches:
Dungeon (5/15)
 Temple: D:4-7

Altars:
Cheibriados
Gozag
Uskayaw
Wu Jian

Shops:
D:2 :[!![   D:5 *

Annotations:
D:2 1 runed translucent door, Crazy Yiuf
D:3 2 transporters, diceflayer's ghost, amateur DsHu
D:4 3 runed translucent doors, Darold's ghost, amateur HuVM


Innate Abilities, Weirdness & Mutations

You have very sharp teeth.
Your uncanny sense of smell can sniff out nearby items.
Your experience applies equally to all skills.


Message History

You climb downwards.
Found a leather armour.
Found Ettogg's General Store.
There is a stone staircase leading up here.
An adder comes into view.
Found a potion of berserk rage.
The adder hisses angrily.
The adder moves out of view.
The helpless jelly fails to defend itself.
You slash the jelly! The acid corrodes you!
Your hands burn!
The jelly is heavily wounded.
The jelly hits you.
You are splashed with acid.
The jelly closely misses you.
You hit the jelly.
Your hands burn!
You bite the jelly, but do no damage.
The jelly is heavily wounded.
You barely miss the adder. The adder bites you.
You are poisoned.
The adder poisons you! The adder bites you. The jelly hits you.
The acid corrodes you!
You are splashed with acid!
You are too injured to fight recklessly!
You are too injured to fight recklessly!
Unknown command.
You are too injured to fight recklessly!
Unknown command.
Unknown command.
You hit the jelly but do no damage.
Your hands burn!
The jelly is heavily wounded.
You closely miss the adder.
You feel sick. The adder closely misses you. The jelly hits you.
The acid corrodes you!
You are splashed with acid!
* * * LOW HITPOINT WARNING * * *
Unknown command.
Unknown command.
Unknown command.
You feel better. The adder bites you.
* * * LOW HITPOINT WARNING * * *
You are poisoned.
The adder poisons you! The jelly hits you.
* * * LOW HITPOINT WARNING * * *
The acid corrodes you!
You are splashed with acid!
* * * LOW HITPOINT WARNING * * *
The adder bites you.
You die...

######################
#....<........[.......
#.............)<.gg.g.
#.....##############g#
.##.....###...# #.#
...[...@....... .g.
...∩..SJ....... #.g.
..............! #.g.
###...##.###... ##..
#... .# .. ### .....
.. . ...... .. .....
...


You could see a jelly and an adder.

Vanquished Creatures
  Edmund (D:4)
  A scorpion (D:5)
  Ijyb (D:3)
  An orc wizard (D:4)
  Robin (D:2)
  6 adders
  An ufetubus (D:4)
  2 worms (D:3)
  4 dart slugs
  7 orcs
  9 ball pythons
  8 endoplasms
  6 giant cockroaches
  18 goblins
  7 hobgoblins
  7 kobolds
  4 quokkas
  8 bats
  3 frilled lizards
  9 rats
104 creatures vanquished.

Notes
Turn   | Place    | Note
-------+----------+-------------------------------------------
     0 | D:1      | MisterFreud the Gnoll Wanderer began the quest for the Orb.
     0 | D:1      | MisterFreud set off with the following items: a +0 club, a
                  | scroll of fear, 2 potions of curing, a scroll of blinking,
                  | a +0 leather armour, a potion of berserk rage.
     0 | D:1      | Reached XP level 1. HP: 26/26 MP: 2/2
   165 | D:1      | Reached XP level 2. HP: 29/33 MP: 3/3
   456 | D:1      | Reached XP level 3. HP: 38/38 MP: 4/4
   935 | D:2      | Found Taromij's Antique Armour Shop.
   950 | D:2      | Found Denifityrph's Distillery.
  1042 | D:2      | Found Hujetren's Distillery.
  1057 | D:2      | Reached skill level 1 in Short Blades
  1057 | D:2      | Reached skill level 1 in Long Blades
  1057 | D:2      | Reached skill level 1 in Axes
  1057 | D:2      | Reached skill level 1 in Maces & Flails
  1057 | D:2      | Reached skill level 1 in Polearms
  1057 | D:2      | Reached skill level 1 in Staves
  1057 | D:2      | Reached skill level 1 in Ranged Weapons
  1057 | D:2      | Reached skill level 1 in Dodging
  1057 | D:2      | Reached skill level 1 in Stealth
  1057 | D:2      | Reached skill level 1 in Shields
  1057 | D:2      | Reached skill level 1 in Spellcasting
  1057 | D:2      | Reached skill level 1 in Evocations
  1201 | D:2      | Found a faded altar of an unknown god.
  1261 | D:2      | Prayed at the altar of an unknown god.
  1261 | D:2      | Became a worshipper of Cheibriados the Contemplative
  1261 | D:2      | Reached * piety under Cheibriados
  1343 | D:2      | Reached XP level 4. HP: 45/45 MP: 6/6
  1401 | D:2      | Noticed Robin
  1431 | D:1      | Reached skill level 1 in Conjurations
  1431 | D:1      | Reached skill level 1 in Hexes
  1431 | D:1      | Reached skill level 1 in Summonings
  1431 | D:1      | Reached skill level 1 in Necromancy
  1431 | D:1      | Reached skill level 1 in Translocations
  1431 | D:1      | Reached skill level 1 in Transmutations
  1431 | D:1      | Reached skill level 1 in Fire Magic
  1431 | D:1      | Reached skill level 1 in Ice Magic
  1431 | D:1      | Reached skill level 1 in Air Magic
  1431 | D:1      | Reached skill level 1 in Earth Magic
  1431 | D:1      | Reached skill level 1 in Poison Magic
  1544 | D:2      | Killed Robin
  1555 | D:2      | Reached ** piety under Cheibriados
  1601 | D:2      | Found Ymiuss's Antique Armour Boutique.
  1649 | D:2      | Found Qabu's Book Emporium.
  1759 | D:2      | Found a runed translucent door.
  1760 | D:2      | Noticed Crazy Yiuf
  2196 | D:3      | Found a transporter.
  2207 | D:3      | Noticed diceflayer's ghost (amateur DsHu)
  2269 | D:3      | Noticed Ijyb
  2289 | D:3      | Killed Ijyb
  2290 | D:3      | Reached XP level 5. HP: 45/51 MP: 7/7
  2862 | D:3      | Found a transporter.
  2903 | D:3      | Found an opulent altar of Gozag.
  3011 | D:3      | Found a hide-covered altar of Uskayaw.
  3020 | D:3      | Identified the +0 ring mail of Dauboamed {Will+}
  3134 | D:4      | Noticed Edmund
  3170 | D:3      | Reached *** piety under Cheibriados
  3251 | D:4      | Found an ornate altar of the Wu Jian Council.
  3287 | D:5      | Entered Level 5 of the Dungeon
  3293 | D:5      | Reached skill level 5 in Armour
  3293 | D:5      | Reached skill level 5 in Unarmed Combat
  3293 | D:5      | Reached XP level 6. HP: 16/57 MP: 8/8
  3635 | D:4      | Killed Edmund
  3800 | D:4      | Found a runed translucent gate.
  4019 | D:4      | Found a runed translucent gate.
  4019 | D:4      | Found a runed translucent gate.
  4097 | D:4      | Noticed an ice beast
  4110 | D:4      | Noticed an ice beast
  4111 | D:4      | Noticed Darold's ghost (amateur HuVM)
  4152 | D:5      | Found Ettogg's General Store.
  4160 | D:5      | Slain by an adder

Illustrated notes

Levels and vault maps discovered:
D:1:      nzn_arrival_water_spiral, layout_loops_cross, minivault_5,
          minmay_octomino_e4
D:2:      layout_basic, serial_shops, nicolae_shop_peninsula,
          nicolae_shop_waterfront, shop, shop, shop,
          shapermc_ecumenical_altar_pompeii, amethyst_killhole,
          minmay_rat_gold_closets, uniq_crazy_yiuf_cottage, uniq_robin
D:3:      layout_loops_ring, grunt_gozag_statues, lemuel_coloured_pillars_altar,
          gammafunk_ghost_mausoleum, minmay_randomly_rotated_circles, uniq_ijyb
D:4:      layout_rooms, mainiacjoe_overflow_surrounded_room,
          gammafunk_ghost_icy, portal_sewer_entry_e, uniq_edmund
D:5:      layout_gridville, minitemple, minmay_temple_entry_waves, serial_shops,
          shop

Skill      XL: |  1  2  3  4  5  6 |
---------------+-------------------+-----
Short Blades   | 1 2 |  2.2
Long Blades    | 1 2 |  2.2
Axes           | 1 2 |  2.2
Maces & Flails | 1 2 |  2.2
Polearms       | 1 2 |  2.2
Staves         | 1 2 |  2.2
Ranged Weapons | 1 2 |  2.2
Dodging        | 1 2 |  2.2
Stealth        | 1 2 |  2.2
Shields        | 1 2 |  2.2
Spellcasting   | 1 2 |  2.2
Evocations     | 1 2 |  2.2
Conjurations   | 1 |  1.8
Hexes          | 1 |  1.8
Summonings     | 1 |  1.8
Necromancy     | 1 |  1.8
Translocations | 1 |  1.8
Transmutations | 1 |  1.8
Fire Magic     | 1 |  1.8
Ice Magic      | 1 |  1.8
Air Magic      | 1 |  1.8
Earth Magic    | 1 |  1.8
Poison Magic   | 1 |  1.8
Invocations    | 3 |  3.6
Throwing       | 3 |  3.4
Armour         | 5 |  5.1
Unarmed Combat | 5 |  5.1
Fighting       | |  8.8

Action                     |  1- 3 |  4- 6 || total
---------------------------+-------+-------++-------
  Melee: Unarmed           |    97 |   187 ||   284
         Bite              |     9 |    19 ||    28
         Punch             |     2 |     7 ||     9
         Hand axe          |       |    12 ||    12
  Evoke: Wand              |       |     1 ||     1
    Use: Scroll            |     2 |     4 ||     6
         Potion            |       |     3 ||     3
   Stab: Sleeping          |     2 |     5 ||     7
 Armour: Leather armour    |    24 |    41 ||    65
         Ring mail         |       |    51 ||    51
  Dodge: Dodged            |    45 |   181 ||   226
